Sharks vs Canucks
Created - november 25 2010 at 23:23
Goals
|
| Sharks |
1 |
2 |
2 |
0 |
0 |
5 |
| Canucks |
2 |
2 |
1 |
0 |
1 |
6 |
|
Shots
|
| Sharks |
10 |
10 |
6 |
1 |
3 |
27 |
| Canucks |
11 |
14 |
9 |
3 |
2 |
37 |
|
Period #1
1. Sharks , Antoine Vermette 10 (Dan Boyle, Johan Franzen) at 2:11
2. Canucks , Chad Larose 5 (Todd Bertuzzi, Blair Betts) at 2:23
3. Canucks , Chad Larose 6 (Todd Bertuzzi, Blair Betts) at 18:35
Penalties :
Braydon Coburn (SJS) for Hooking (Minor) at 8:16
Period #2
4. Sharks , T.J. Oshie 4 (Francois Beauchemin, Antoine Vermette) at 8:30 (PP)
5. Canucks , Eric Brewer 4 (Scott Hannan, Jussi Jokinen) at 15:42 (SH)
6. Sharks , James Wisniewski 2 (T.J. Oshie, Johan Franzen) at 16:28 (PP)
7. Canucks , Chad Larose 7 (Todd Bertuzzi, Ladislav Smid) at 16:44
Penalties :
Chad Larose (VAN) for Slashing (Minor) at 6:57, Braydon Coburn (SJS) for Slashing (Double Minor) at 8:58, Milan Jurcina (VAN) for Hooking (Minor) at 14:11, Milan Jurcina (VAN) for Roughing (Minor) at 16:12, Torrey Mitchell (SJS) for Tripping (Minor) at 18:13
Period #3
8. Sharks , Antoine Vermette 11 (Rick Nash, Nicklas Lidstrom) at 8:18
9. Canucks , Alex Tanguay 7 (Scott Hannan, Steven Reinprecht) at 9:45
10. Sharks , James Wisniewski 3 (Johan Franzen, Antoine Vermette) at 18:37 (PP)
Penalties :
Rick Nash (SJS) for Interference (Minor) at 1:05, Daniel Winnik (SJS) for Hooking (Minor) at 3:41, Sheldon Souray (VAN) for Fighting (Major) at 6:37, James Wisniewski (SJS) for Fighting (Major) at 6:37, Michael Frolik (VAN) for High sticking (Minor) at 6:47, Nik Antropov (SJS) for Delaying the game (Minor) at 7:26, Travis Moen (SJS) for Roughing (Minor) at 10:05, Marian Hossa (VAN) for Interference (Minor) at 13:38, Andrew Ladd (VAN) for Roughing (Minor) at 16:47
Overtime #1
No Goal
Penalties :
No Penalty
Shootout
Penalty Shot by Rick Nash for Sharks - Stopped by Jonathan Quick
Penalty Shot by Marian Hossa for Canucks - Stopped by Kari Lehtonen
Penalty Shot by Johan Franzen for Sharks - Stopped by Jonathan Quick
Penalty Shot by Marco Sturm for Canucks - Goal!
Penalty Shot by Antoine Vermette for Sharks - Shot Misses the Net
Penalties :
No Penalty
Goalie Stats
Kari Lehtonen (SJS), 32 saves from 37 shots - (0,865), OTL, 12-9-1, 65:00 minutes
Jonathan Quick (VAN), 22 saves from 27 shots - (0,815), W, 19-8-1, 65:00 minutes
Players Stats
Sharks
Player Name G A P +/- PIM S H SB FO MP
------------------------------------------------------------
Antoine Vermette 2 2 4 0 0 2 0 0 20/37 22
Braydon Coburn 0 0 0 -2 6 1 7 1 0/0 22
Dan Boyle 0 1 1 -1 0 0 0 2 0/0 25
Daniel Winnik 0 0 0 -1 2 0 1 0 0/0 8
Dave Bolland 0 0 0 0 0 0 0 0 17/29 20
Devin Setoguchi 0 0 0 -2 0 0 1 0 0/1 14
Francois Beauchemin 0 1 1 0 0 2 3 1 0/0 22
James Wisniewski 2 0 2 -2 5 3 3 2 0/0 23
Jody Shelley 0 0 0 -1 0 0 2 0 0/0 7
Joe Thornton 0 0 0 -2 0 2 1 0 9/18 18
Johan Franzen 0 3 3 -1 0 3 1 0 0/1 14
Mike Weaver 0 0 0 0 0 0 0 1 0/0 10
Nicklas Lidstrom 0 1 1 -1 0 2 0 1 0/0 25
Nik Antropov 0 0 0 0 2 1 3 0 1/1 13
Rick Nash 0 1 1 -1 2 7 1 1 0/0 19
T.J. Oshie 1 1 2 -1 0 3 2 0 0/0 21
Torrey Mitchell 0 0 0 -1 2 1 0 0 2/5 7
Travis Moen 0 0 0 0 2 0 0 2 2/3 15
|
Canucks
Player Name G A P +/- PIM S H SB FO MP
------------------------------------------------------------
Alex Tanguay 1 0 1 1 0 4 2 0 0/2 21
Andrew Ladd 0 0 0 0 2 1 1 0 1/1 15
Blair Betts 0 2 2 3 0 1 0 0 5/16 12
Chad Larose 3 0 3 2 2 5 1 0 2/4 16
Eric Brewer 1 0 1 0 0 5 2 3 0/0 24
Jussi Jokinen 0 1 1 0 0 2 0 1 21/32 21
Ladislav Smid 0 1 1 3 0 0 2 0 0/0 12
Marco Sturm 0 0 0 0 0 2 3 0 2/3 21
Marian Hossa 0 0 0 0 2 5 1 0 2/12 21
Michael Frolik 0 0 0 0 2 3 0 0 0/0 13
Milan Jurcina 0 0 0 3 4 0 3 0 0/0 18
Nicklas Bergfors 0 0 0 0 0 2 0 0 0/0 5
Sami Salo 0 0 0 0 0 1 1 2 0/0 24
Scott Hannan 0 2 2 0 0 1 1 3 0/0 24
Sheldon Souray 0 0 0 0 5 0 1 0 0/0 24
Steven Reinprecht 0 1 1 0 0 3 0 0 10/19 19
T.J. Hensick 0 0 0 0 0 2 0 0 1/6 5
Todd Bertuzzi 0 3 3 3 0 0 1 0 0/0 14
|
3 Stars
1 - Chad Larose (VAN)
2 - Antoine Vermette (SJS)
3 - Todd Bertuzzi (VAN)
Power Play
Sharks - 3 on 6 Attempt(s) - 50,00%
Canucks - 0 on 7 Attempt(s) - 0,00%
Penalty Kill
Sharks - 7 on 7 Attempt(s) - 100,00%
- Score 0 goal in Penalty Kill
Canucks - 3 on 6 Attempt(s) - 50,00%
- Score 1 goal in Penalty Kill
Game Notes
Chad Larose has scored a Hat Trick!
Sheldon Souray and James Wisniewski fight to a draw at 6:37 of 3rd period
Finance
Level 1 -- Attendance: 5700 (91,79%) -- Ticket Income 513 000,00 kr
Level 2 -- Attendance: 3596 (69,49%) -- Ticket Income 215 760,00 kr
Level 3 -- Attendance: 1273 (61,50%) -- Ticket Income 57 285,00 kr
Level 4 -- Attendance: 2217 (53,55%) -- Ticket Income 66 510,00 kr
Luxury Box -- Attendance: 1035 (100,00%) -- Ticket Income 181 125,00 kr
Game was played at the GM Place
Total Attendance: 13821 (74,19%)
Total Ticket Income: 1 110 409,00 kr
Other Income: 431 067,00 kr
Total Income: 1 541 476,00 kr
Team Lines
Sharks
5 vs 5
Center Left Wing Right Wing Defense Defense
1 Joe Thornton Rick Nash Devin Setoguchi Nicklas Lidstrom James Wisniewski
2 Antoine Vermette Johan Franzen Nik Antropov Dan Boyle Braydon Coburn
3 Dave Bolland Travis Moen T.J. Oshie Francois Beauchemin Mike Weaver
4 Torrey Mitchell Jody Shelley Daniel Winnik Dan Boyle Braydon Coburn
Power Play
Center Left Wing Right Wing Defense Defense
1 Joe Thornton Rick Nash Nik Antropov Nicklas Lidstrom Dan Boyle
2 Antoine Vermette Johan Franzen T.J. Oshie James Wisniewski Francois Beauchemin
Penalty Kill - 4 Players
Center Wing Defense Defense
1 Dave Bolland T.J. Oshie Nicklas Lidstrom Braydon Coburn
2 Antoine Vermette Travis Moen James Wisniewski Francois Beauchemin
4 vs 4
Center Wing Defense Defense
1 Antoine Vermette Rick Nash Nicklas Lidstrom James Wisniewski
2 Dave Bolland T.J. Oshie Dan Boyle Francois Beauchemin
Penalty Kill - 3 Players
Forward Defense Defense
1 Dave Bolland Nicklas Lidstrom Braydon Coburn
2 Antoine Vermette James Wisniewski Francois Beauchemin
Goaltenders
Starting : Kari Lehtonen
Backup : Michael Leighton
Extra Forwards
Joe Thornton, Rick Nash, Johan Franzen, Antoine Vermette, Nik Antropov
Extra Defensemen
Nicklas Lidstrom, Dan Boyle, James Wisniewski, Francois Beauchemin, Braydon Coburn
Penalty Shots
Rick Nash, Johan Franzen, Antoine Vermette, Nik Antropov, Joe Thornton
Coach Strategy
Physical Style: 0 - Defense Style: 2 - Offense Style: 3
Canucks
5 vs 5
Center Left Wing Right Wing Defense Defense
1 Jussi Jokinen Marco Sturm Marian Hossa Sheldon Souray Sami Salo
2 Steven Reinprecht Andrew Ladd Alex Tanguay Eric Brewer Scott Hannan
3 Blair Betts Chad Larose Todd Bertuzzi Milan Jurcina Ladislav Smid
4 T.J. Hensick Michael Frolik Nicklas Bergfors Sheldon Souray Sami Salo
Power Play
Center Left Wing Right Wing Defense Defense
1 Jussi Jokinen Marco Sturm Marian Hossa Sheldon Souray Sami Salo
2 Steven Reinprecht Michael Frolik Alex Tanguay Eric Brewer Scott Hannan
Penalty Kill - 4 Players
Center Wing Defense Defense
1 Marian Hossa Marco Sturm Sheldon Souray Sami Salo
2 Jussi Jokinen Alex Tanguay Eric Brewer Scott Hannan
4 vs 4
Center Wing Defense Defense
1 Marian Hossa Marco Sturm Sheldon Souray Sami Salo
2 Jussi Jokinen Michael Frolik Eric Brewer Scott Hannan
Penalty Kill - 3 Players
Forward Defense Defense
1 Marian Hossa Sheldon Souray Sami Salo
2 Marco Sturm Eric Brewer Scott Hannan
Goaltenders
Starting : Jonathan Quick
Backup : Chris Osgood
Extra Forwards
Marian Hossa, Marco Sturm, Jussi Jokinen, Chad Larose, Steven Reinprecht
Extra Defensemen
Sheldon Souray, Sami Salo, Eric Brewer, Scott Hannan, Milan Jurcina
Penalty Shots
Marian Hossa, Marco Sturm, Jussi Jokinen, Michael Frolik, Steven Reinprecht
Coach Strategy
Physical Style: 1 - Defense Style: 2 - Offense Style: 2
Play by Play
Period #1
0:01 of 1st period - Jussi Jokinen wins face-off versus Joe Thornton in neutral zone.
0:55 of 1st period - Dan Boyle is hit by Sheldon Souray and loses puck.
0:59 of 1st period - Icing by Sami Salo.
1:00 of 1st period - Jussi Jokinen wins face-off versus Travis Moen in Canucks zone.
1:36 of 1st period - Shot by Steven Reinprecht.
1:36 of 1st period - Shot Misses the Net.
2:00 of 1st period - Shot by Antoine Vermette.
2:00 of 1st period - Shot Misses the Net.
2:04 of 1st period - Shot by Antoine Vermette.
2:04 of 1st period - Shot Misses the Net.
2:09 of 1st period - Shot by Dan Boyle.
2:09 of 1st period - Shot Blocked by Eric Brewer.
2:11 of 1st period - Shot by Antoine Vermette.
2:11 of 1st period - Goal by Antoine Vermette - Sharks : 1 - Canucks : 0.
2:12 of 1st period - Blair Betts wins face-off versus Joe Thornton in neutral zone.
2:21 of 1st period - Shot by Todd Bertuzzi.
2:21 of 1st period - Deflect By Chad Larose.
2:21 of 1st period - Shot Misses the Net.
2:23 of 1st period - Shot by Chad Larose.
2:23 of 1st period - Goal by Chad Larose - Sharks : 1 - Canucks : 1.
2:24 of 1st period - Torrey Mitchell wins face-off versus Blair Betts in neutral zone.
2:55 of 1st period - Icing by Milan Jurcina.
2:56 of 1st period - Joe Thornton wins face-off versus Blair Betts in Canucks zone.
2:57 of 1st period - Shot by Rick Nash.
2:57 of 1st period - Deflect By Joe Thornton.
2:57 of 1st period - Shot Misses the Net.
2:59 of 1st period - Shot by Rick Nash.
2:59 of 1st period - Stopped by Jonathan Quick without a rebound.
3:00 of 1st period - Joe Thornton wins face-off versus T.J. Hensick in Canucks zone.
3:01 of 1st period - Shot by Rick Nash.
3:01 of 1st period - Shot Misses the Net.
3:29 of 1st period - Shot by Nicklas Bergfors.
3:29 of 1st period - Stopped by Kari Lehtonen without a rebound.
3:30 of 1st period - Steven Reinprecht wins face-off versus Dave Bolland in Sharks zone.
3:51 of 1st period - Shot by Francois Beauchemin.
3:51 of 1st period - Stopped by Jonathan Quick without a rebound.
3:52 of 1st period - Antoine Vermette wins face-off versus Marco Sturm in Canucks zone.
4:21 of 1st period - Marian Hossa is hit by Braydon Coburn and loses puck.
5:14 of 1st period - Rick Nash is hit by Milan Jurcina and loses puck.
5:32 of 1st period - Icing by Ladislav Smid.
5:33 of 1st period - Chad Larose wins face-off versus Dave Bolland in Canucks zone.
5:50 of 1st period - Shot by Andrew Ladd.
5:50 of 1st period - Stopped by Kari Lehtonen with a rebound.
5:54 of 1st period - Shot by Steven Reinprecht.
5:54 of 1st period - Shot Blocked by Mike Weaver.
5:58 of 1st period - Shot by Scott Hannan.
5:58 of 1st period - Stopped by Kari Lehtonen with a rebound.
6:51 of 1st period - Shot by Nicklas Bergfors.
6:51 of 1st period - Stopped by Kari Lehtonen without a rebound.
6:52 of 1st period - Blair Betts wins face-off versus Joe Thornton in Sharks zone.
7:04 of 1st period - Chad Larose is hit by James Wisniewski and loses puck.
7:07 of 1st period - Shot by Chad Larose.
7:07 of 1st period - Stopped by Kari Lehtonen without a rebound.
7:08 of 1st period - Jussi Jokinen wins face-off versus Antoine Vermette in Sharks zone.
7:08 of 1st period - Jussi Jokinen is hit by Braydon Coburn.
7:24 of 1st period - Shot by Antoine Vermette.
7:24 of 1st period - Shot Misses the Net.
7:43 of 1st period - Icing by Dan Boyle.
7:44 of 1st period - Nik Antropov wins face-off versus Steven Reinprecht in Sharks zone.
7:46 of 1st period - Icing by Antoine Vermette.
7:47 of 1st period - Antoine Vermette wins face-off versus Blair Betts in Sharks zone.
7:58 of 1st period - Shot by Johan Franzen.
7:58 of 1st period - Shot Misses the Net.
8:04 of 1st period - Braydon Coburn is hit by Todd Bertuzzi and loses puck.
8:16 of 1st period - Minor Penalty to Braydon Coburn for Hooking.
8:17 of 1st period - Joe Thornton wins face-off versus Steven Reinprecht in Sharks zone.
8:30 of 1st period - Shot by Steven Reinprecht.
8:30 of 1st period - Shot Misses the Net.
8:32 of 1st period - Shot by Alex Tanguay.
8:32 of 1st period - Stopped by Kari Lehtonen without a rebound.
8:33 of 1st period - Antoine Vermette wins face-off versus Jussi Jokinen in Sharks zone.
9:06 of 1st period - Shot by Marco Sturm.
9:06 of 1st period - Shot Misses the Net.
9:26 of 1st period - Shot by Alex Tanguay.
9:26 of 1st period - Shot Misses the Net.
9:31 of 1st period - Alex Tanguay is hit by Francois Beauchemin.
10:04 of 1st period - Jussi Jokinen is hit by Francois Beauchemin and loses puck.
10:09 of 1st period - Shot by Jussi Jokinen.
10:09 of 1st period - Stopped by Kari Lehtonen without a rebound.
10:10 of 1st period - Jussi Jokinen wins face-off versus Dave Bolland in Sharks zone.
10:44 of 1st period - Icing by Dan Boyle.
10:45 of 1st period - Steven Reinprecht wins face-off versus Torrey Mitchell in Sharks zone.
11:26 of 1st period - Shot by Devin Setoguchi.
11:26 of 1st period - Shot Hit the Post.
11:28 of 1st period - Shot by Joe Thornton.
11:28 of 1st period - Shot Misses the Net.
11:32 of 1st period - Shot by Rick Nash.
11:32 of 1st period - Shot Misses the Net.
11:34 of 1st period - Shot by Rick Nash.
11:34 of 1st period - Shot Blocked by Scott Hannan.
12:12 of 1st period - Shot by T.J. Oshie.
12:12 of 1st period - Stopped by Jonathan Quick without a rebound.
12:13 of 1st period - Jussi Jokinen wins face-off versus Antoine Vermette in Canucks zone.
12:27 of 1st period - Marian Hossa is hit by Braydon Coburn and loses puck.
12:31 of 1st period - Icing by Dan Boyle.
12:32 of 1st period - Antoine Vermette wins face-off versus Blair Betts in Sharks zone.
12:59 of 1st period - Shot by Chad Larose.
12:59 of 1st period - Stopped by Kari Lehtonen without a rebound.
13:00 of 1st period - Marco Sturm wins face-off versus Dave Bolland in Sharks zone.
13:26 of 1st period - Shot by T.J. Oshie.
13:26 of 1st period - Shot Blocked by Jussi Jokinen.
13:30 of 1st period - Shot by Dave Bolland.
13:30 of 1st period - Shot Misses the Net.
13:32 of 1st period - Shot by Francois Beauchemin.
13:32 of 1st period - Stopped by Jonathan Quick without a rebound.
13:33 of 1st period - Blair Betts wins face-off versus Joe Thornton in Canucks zone.
13:33 of 1st period - Milan Jurcina is hit by Devin Setoguchi and loses puck.
13:57 of 1st period - Devin Setoguchi is hit by Ladislav Smid and loses puck.
15:45 of 1st period - Icing by Eric Brewer.
15:46 of 1st period - Steven Reinprecht wins face-off versus Joe Thornton in Canucks zone.
16:26 of 1st period - Shot by Marian Hossa.
16:26 of 1st period - Stopped by Kari Lehtonen without a rebound.
16:27 of 1st period - Antoine Vermette wins face-off versus Blair Betts in Sharks zone.
16:42 of 1st period - Shot by Johan Franzen.
16:42 of 1st period - Shot Misses the Net.
16:46 of 1st period - Shot by Johan Franzen.
16:46 of 1st period - Stopped by Jonathan Quick with a rebound.
16:50 of 1st period - Shot by Johan Franzen.
16:50 of 1st period - Shot Misses the Net.
17:00 of 1st period - Shot by Johan Franzen.
17:00 of 1st period - Stopped by Jonathan Quick without a rebound.
17:01 of 1st period - Travis Moen wins face-off versus T.J. Hensick in Canucks zone.
17:04 of 1st period - Shot by T.J. Oshie.
17:04 of 1st period - Shot Blocked by Sami Salo.
17:14 of 1st period - Shot by T.J. Oshie.
17:14 of 1st period - Shot Misses the Net.
17:16 of 1st period - Shot by Travis Moen.
17:16 of 1st period - Shot Misses the Net.
17:18 of 1st period - Shot by Francois Beauchemin.
17:18 of 1st period - Shot Misses the Net.
17:22 of 1st period - Shot by T.J. Oshie.
17:22 of 1st period - Shot Misses the Net.
17:24 of 1st period - Shot by Dave Bolland.
17:24 of 1st period - Shot Misses the Net.
17:26 of 1st period - Shot by Dave Bolland.
17:26 of 1st period - Shot Misses the Net.
17:30 of 1st period - Shot by T.J. Oshie.
17:30 of 1st period - Stopped by Jonathan Quick with a rebound.
18:08 of 1st period - Shot by Rick Nash.
18:08 of 1st period - Stopped by Jonathan Quick without a rebound.
18:09 of 1st period - Antoine Vermette wins face-off versus Blair Betts in Canucks zone.
18:29 of 1st period - Shot by Chad Larose.
18:29 of 1st period - Shot Misses the Net.
18:31 of 1st period - Shot by Blair Betts.
18:31 of 1st period - Shot Misses the Net.
18:33 of 1st period - Shot by Todd Bertuzzi.
18:33 of 1st period - Shot Blocked by Braydon Coburn.
18:35 of 1st period - Shot by Chad Larose.
18:35 of 1st period - Goal by Chad Larose - Sharks : 1 - Canucks : 2.
18:36 of 1st period - Steven Reinprecht wins face-off versus Joe Thornton in neutral zone.
18:40 of 1st period - Eric Brewer is hit by James Wisniewski and loses puck.
18:49 of 1st period - James Wisniewski is hit by Andrew Ladd.
18:50 of 1st period - Icing by James Wisniewski.
18:51 of 1st period - Andrew Ladd wins face-off versus Joe Thornton in Sharks zone.
18:52 of 1st period - Shot by Steven Reinprecht.
18:52 of 1st period - Shot Blocked by Nicklas Lidstrom.
19:05 of 1st period - Shot by Rick Nash.
19:05 of 1st period - Shot Blocked by Scott Hannan.
19:10 of 1st period - Icing by Scott Hannan.
19:11 of 1st period - Antoine Vermette wins face-off versus Steven Reinprecht in Canucks zone.
19:11 of 1st period - Nik Antropov is hit by Scott Hannan and loses puck.
19:54 of 1st period - Shot by Johan Franzen.
19:54 of 1st period - Stopped by Jonathan Quick without a rebound.
19:55 of 1st period - Dave Bolland wins face-off versus Marian Hossa in Canucks zone.
Period #2
0:01 of 2nd period - Joe Thornton wins face-off versus Marian Hossa in neutral zone.
0:01 of 2nd period - Rick Nash is hit by Marco Sturm.
0:13 of 2nd period - Shot by Joe Thornton.
0:13 of 2nd period - Deflect By Rick Nash.
0:13 of 2nd period - Stopped by Jonathan Quick without a rebound.
0:14 of 2nd period - Steven Reinprecht wins face-off versus Antoine Vermette in Canucks zone.
0:14 of 2nd period - Steven Reinprecht is hit by Nik Antropov.
1:17 of 2nd period - Marian Hossa is hit by Nik Antropov and loses puck.
1:46 of 2nd period - Shot by Marian Hossa.
1:46 of 2nd period - Shot Misses the Net.
1:48 of 2nd period - Shot by Marian Hossa.
1:48 of 2nd period - Shot Blocked by Rick Nash.
2:34 of 2nd period - Shot by Blair Betts.
2:34 of 2nd period - Stopped by Kari Lehtonen with a rebound.
2:46 of 2nd period - Shot by T.J. Hensick.
2:46 of 2nd period - Shot Misses the Net.
2:48 of 2nd period - Shot by Michael Frolik.
2:48 of 2nd period - Stopped by Kari Lehtonen with a rebound.
2:52 of 2nd period - Shot by Michael Frolik.
2:52 of 2nd period - Shot Misses the Net.
2:56 of 2nd period - Shot by T.J. Hensick.
2:56 of 2nd period - Stopped by Kari Lehtonen without a rebound.
2:57 of 2nd period - Steven Reinprecht wins face-off versus Dave Bolland in Sharks zone.
3:04 of 2nd period - Shot by Steven Reinprecht.
3:04 of 2nd period - Stopped by Kari Lehtonen without a rebound.
3:05 of 2nd period - Dave Bolland wins face-off versus Alex Tanguay in Sharks zone.
3:05 of 2nd period - Dave Bolland is hit by Alex Tanguay.
3:22 of 2nd period - Alex Tanguay is hit by Francois Beauchemin and loses puck.
3:26 of 2nd period - Icing by Francois Beauchemin.
3:27 of 2nd period - Dave Bolland wins face-off versus Jussi Jokinen in Sharks zone.
3:27 of 2nd period - Dave Bolland is hit by Marco Sturm.
3:48 of 2nd period - Off-side.
3:49 of 2nd period - Antoine Vermette wins face-off versus Blair Betts in neutral zone.
3:51 of 2nd period - Johan Franzen is hit by Ladislav Smid.
4:38 of 2nd period - Icing by Dan Boyle.
4:39 of 2nd period - Steven Reinprecht wins face-off versus Antoine Vermette in Sharks zone.
6:39 of 2nd period - Shot by Torrey Mitchell.
6:39 of 2nd period - Stopped by Jonathan Quick without a rebound.
6:40 of 2nd period - Dave Bolland wins face-off versus Blair Betts in Canucks zone.
6:40 of 2nd period - Dave Bolland is hit by Milan Jurcina.
6:56 of 2nd period - Travis Moen is hit by Chad Larose and loses puck.
6:57 of 2nd period - Minor Penalty to Chad Larose for Slashing.
6:58 of 2nd period - Joe Thornton wins face-off versus Steven Reinprecht in Canucks zone.
7:11 of 2nd period - Shot by Rick Nash.
7:11 of 2nd period - Shot Misses the Net.
7:13 of 2nd period - Shot by Rick Nash.
7:13 of 2nd period - Stopped by Jonathan Quick without a rebound.
7:14 of 2nd period - Jussi Jokinen wins face-off versus Antoine Vermette in Canucks zone.
7:14 of 2nd period - Jussi Jokinen is hit by T.J. Oshie.
8:16 of 2nd period - Shot by Nik Antropov.
8:16 of 2nd period - Shot Misses the Net.
8:20 of 2nd period - Shot by Rick Nash.
8:20 of 2nd period - Shot Misses the Net.
8:22 of 2nd period - Shot by Nicklas Lidstrom.
8:22 of 2nd period - Stopped by Jonathan Quick with a rebound.
8:24 of 2nd period - Shot by Nicklas Lidstrom.
8:24 of 2nd period - Stopped by Jonathan Quick without a rebound.
8:25 of 2nd period - Antoine Vermette wins face-off versus Marian Hossa in Canucks zone.
8:26 of 2nd period - Shot by T.J. Oshie.
8:26 of 2nd period - Shot Blocked by Sami Salo.
8:30 of 2nd period - Shot by T.J. Oshie.
8:30 of 2nd period - Goal by T.J. Oshie - Sharks : 2 - Canucks : 2.
8:31 of 2nd period - Blair Betts wins face-off versus Torrey Mitchell in neutral zone.
8:57 of 2nd period - Todd Bertuzzi is hit by Braydon Coburn.
8:58 of 2nd period - Double Minor Penalty to Braydon Coburn for Slashing.
8:59 of 2nd period - Antoine Vermette wins face-off versus Jussi Jokinen in Sharks zone.
8:59 of 2nd period - Antoine Vermette is hit by Marian Hossa.
9:09 of 2nd period - Shot by Marian Hossa.
9:09 of 2nd period - Stopped by Kari Lehtonen without a rebound.
9:10 of 2nd period - Antoine Vermette wins face-off versus Alex Tanguay in Sharks zone.
9:16 of 2nd period - Icing by Alex Tanguay.
9:17 of 2nd period - Dave Bolland wins face-off versus Steven Reinprecht in Canucks zone.
9:18 of 2nd period - Shot by T.J. Oshie.
9:18 of 2nd period - Shot Misses the Net.
9:26 of 2nd period - Shot by Michael Frolik.
9:26 of 2nd period - Shot Misses the Net.
9:28 of 2nd period - Shot by Scott Hannan.
9:28 of 2nd period - Shot Misses the Net.
9:30 of 2nd period - Shot by Alex Tanguay.
9:30 of 2nd period - Stopped by Kari Lehtonen with a rebound.
9:32 of 2nd period - Shot by Scott Hannan.
9:32 of 2nd period - Deflect By Alex Tanguay.
9:32 of 2nd period - Stopped by Kari Lehtonen without a rebound.
9:33 of 2nd period - Marco Sturm wins face-off versus Antoine Vermette in Sharks zone.
9:36 of 2nd period - Shot by Jussi Jokinen.
9:36 of 2nd period - Shot Misses the Net.
9:50 of 2nd period - Shot by Sheldon Souray.
9:50 of 2nd period - Shot Blocked by Francois Beauchemin.
10:12 of 2nd period - T.J. Oshie is hit by Marco Sturm and loses puck.
11:10 of 2nd period - Shot by Marian Hossa.
11:10 of 2nd period - Stopped by Kari Lehtonen without a rebound.
11:11 of 2nd period - Dave Bolland wins face-off versus Jussi Jokinen in Sharks zone.
11:32 of 2nd period - Shot by Marian Hossa.
11:32 of 2nd period - Shot Blocked by Travis Moen.
12:04 of 2nd period - Shot by Eric Brewer.
12:04 of 2nd period - Stopped by Kari Lehtonen with a rebound.
12:28 of 2nd period - Icing by Sami Salo.
12:29 of 2nd period - Dave Bolland wins face-off versus Chad Larose in Canucks zone.
12:29 of 2nd period - Dave Bolland is hit by Sami Salo.
12:46 of 2nd period - Icing by Chad Larose.
12:47 of 2nd period - Chad Larose wins face-off versus Dave Bolland in Canucks zone.
14:07 of 2nd period - Shot by Joe Thornton.
14:07 of 2nd period - Stopped by Jonathan Quick without a rebound.
14:08 of 2nd period - Dave Bolland wins face-off versus Blair Betts in Canucks zone.
14:10 of 2nd period - T.J. Oshie is hit by Milan Jurcina.
14:11 of 2nd period - Minor Penalty to Milan Jurcina for Hooking.
14:12 of 2nd period - Jussi Jokinen wins face-off versus Antoine Vermette in Canucks zone.
14:12 of 2nd period - Jussi Jokinen is hit by Johan Franzen.
14:23 of 2nd period - Off-side.
14:24 of 2nd period - Joe Thornton wins face-off versus Jussi Jokinen in neutral zone.
14:33 of 2nd period - Shot by Rick Nash.
14:33 of 2nd period - Stopped by Jonathan Quick without a rebound.
14:34 of 2nd period - Jussi Jokinen wins face-off versus Joe Thornton in Canucks zone.
14:34 of 2nd period - Jussi Jokinen is hit by Nik Antropov.
14:56 of 2nd period - Shot by Nik Antropov.
14:56 of 2nd period - Deflect By Rick Nash.
14:56 of 2nd period - Stopped by Jonathan Quick with a rebound.
14:58 of 2nd period - Shot by Dan Boyle.
14:58 of 2nd period - Shot Misses the Net.
15:00 of 2nd period - Shot by Nicklas Lidstrom.
15:00 of 2nd period - Shot Blocked by Eric Brewer.
15:38 of 2nd period - Shot by Jussi Jokinen.
15:38 of 2nd period - Shot Misses the Net.
15:40 of 2nd period - Shot by Scott Hannan.
15:40 of 2nd period - Shot Misses the Net.
15:42 of 2nd period - Shot by Eric Brewer.
15:42 of 2nd period - Goal by Eric Brewer - Sharks : 2 - Canucks : 3.
15:43 of 2nd period - Marian Hossa wins face-off versus Joe Thornton in neutral zone.
15:43 of 2nd period - Marian Hossa is hit by Rick Nash.
15:46 of 2nd period - Marco Sturm is hit by Braydon Coburn and loses puck.
16:12 of 2nd period - Minor Penalty to Milan Jurcina for Roughing.
16:13 of 2nd period - Jussi Jokinen wins face-off versus Antoine Vermette in Canucks zone.
16:24 of 2nd period - Shot by James Wisniewski.
16:24 of 2nd period - Shot Misses the Net.
16:28 of 2nd period - Shot by James Wisniewski.
16:28 of 2nd period - Goal by James Wisniewski - Sharks : 3 - Canucks : 3.
16:29 of 2nd period - Torrey Mitchell wins face-off versus Blair Betts in neutral zone.
16:44 of 2nd period - Shot by Todd Bertuzzi.
16:44 of 2nd period - Deflect By Chad Larose.
16:44 of 2nd period - Goal by Chad Larose - Sharks : 3 - Canucks : 4.
16:45 of 2nd period - Dave Bolland wins face-off versus T.J. Hensick in neutral zone.
17:00 of 2nd period - Shot by Nicklas Bergfors.
17:00 of 2nd period - Deflect By Michael Frolik.
17:00 of 2nd period - Shot Misses the Net.
17:02 of 2nd period - Shot by Michael Frolik.
17:02 of 2nd period - Stopped by Kari Lehtonen without a rebound.
17:03 of 2nd period - Blair Betts wins face-off versus Torrey Mitchell in Sharks zone.
17:29 of 2nd period - Blair Betts is hit by Braydon Coburn and loses puck.
17:40 of 2nd period - Shot by Todd Bertuzzi.
17:40 of 2nd period - Shot Misses the Net.
17:46 of 2nd period - Chad Larose is hit by Jody Shelley and loses puck.
17:50 of 2nd period - Ladislav Smid is hit by Daniel Winnik and loses puck.
17:56 of 2nd period - Todd Bertuzzi is hit by Braydon Coburn and loses puck.
18:13 of 2nd period - Minor Penalty to Torrey Mitchell for Tripping.
18:14 of 2nd period - Jussi Jokinen wins face-off versus Antoine Vermette in Sharks zone.
18:23 of 2nd period - Shot by Marian Hossa.
18:23 of 2nd period - Shot Misses the Net.
18:25 of 2nd period - Shot by Marco Sturm.
18:25 of 2nd period - Stopped by Kari Lehtonen with a rebound.
18:29 of 2nd period - Shot by Sami Salo.
18:29 of 2nd period - Stopped by Kari Lehtonen without a rebound.
18:30 of 2nd period - Travis Moen wins face-off versus Steven Reinprecht in Sharks zone.
18:49 of 2nd period - Shot by Steven Reinprecht.
18:49 of 2nd period - Deflect By Michael Frolik.
18:49 of 2nd period - Shot Misses the Net.
19:20 of 2nd period - Shot by T.J. Oshie.
19:20 of 2nd period - Shot Misses the Net.
Period #3
0:01 of 3rd period - Jussi Jokinen wins face-off versus Dave Bolland in neutral zone.
0:28 of 3rd period - Shot by Dan Boyle.
0:28 of 3rd period - Shot Misses the Net.
0:53 of 3rd period - Antoine Vermette is hit by Eric Brewer and loses puck.
1:05 of 3rd period - Minor Penalty to Rick Nash for Interference.
1:06 of 3rd period - Jussi Jokinen wins face-off versus Antoine Vermette in Sharks zone.
1:29 of 3rd period - Shot by Marco Sturm.
1:29 of 3rd period - Shot Misses the Net.
1:41 of 3rd period - Shot by Sheldon Souray.
1:41 of 3rd period - Shot Blocked by James Wisniewski.
2:17 of 3rd period - Shot by Steven Reinprecht.
2:17 of 3rd period - Deflect By Michael Frolik.
2:17 of 3rd period - Stopped by Kari Lehtonen without a rebound.
2:18 of 3rd period - Jussi Jokinen wins face-off versus Dave Bolland in Sharks zone.
3:41 of 3rd period - Minor Penalty to Daniel Winnik for Hooking.
3:42 of 3rd period - Steven Reinprecht wins face-off versus Antoine Vermette in Sharks zone.
3:49 of 3rd period - Shot by Steven Reinprecht.
3:49 of 3rd period - Shot Misses the Net.
3:51 of 3rd period - Shot by Steven Reinprecht.
3:51 of 3rd period - Stopped by Kari Lehtonen without a rebound.
3:52 of 3rd period - Steven Reinprecht wins face-off versus Antoine Vermette in Sharks zone.
5:25 of 3rd period - Shot by Eric Brewer.
5:25 of 3rd period - Shot Blocked by Travis Moen.
5:27 of 3rd period - Shot by Eric Brewer.
5:27 of 3rd period - Shot Misses the Net.
5:29 of 3rd period - Shot by Eric Brewer.
5:29 of 3rd period - Stopped by Kari Lehtonen without a rebound.
5:30 of 3rd period - Joe Thornton wins face-off versus Jussi Jokinen in Sharks zone.
5:55 of 3rd period - Shot by Blair Betts.
5:55 of 3rd period - Shot Misses the Net.
5:57 of 3rd period - Shot by Blair Betts.
5:57 of 3rd period - Shot Misses the Net.
6:19 of 3rd period - Steven Reinprecht is hit by Jody Shelley and loses puck.
6:31 of 3rd period - Steven Reinprecht is hit by James Wisniewski and loses puck.
6:37 of 3rd period - Sheldon Souray and James Wisniewski fight to a draw.
6:37 of 3rd period - Penalty to Sheldon Souray for Fighting.
6:37 of 3rd period - Penalty to James Wisniewski for Fighting.
6:38 of 3rd period - T.J. Hensick wins face-off versus Dave Bolland in Sharks zone.
6:41 of 3rd period - Shot by T.J. Hensick.
6:41 of 3rd period - Stopped by Kari Lehtonen with a rebound.
6:44 of 3rd period - Icing by Francois Beauchemin.
6:45 of 3rd period - Dave Bolland wins face-off versus T.J. Hensick in Sharks zone.
6:47 of 3rd period - Minor Penalty to Michael Frolik for High sticking.
6:48 of 3rd period - Joe Thornton wins face-off versus Marian Hossa in Canucks zone.
7:15 of 3rd period - Shot by Dan Boyle.
7:15 of 3rd period - Shot Blocked by Eric Brewer.
7:26 of 3rd period - Minor Penalty to Nik Antropov for Delaying the game.
7:27 of 3rd period - Marian Hossa wins face-off versus Dave Bolland in Sharks zone.
7:32 of 3rd period - Shot by Marian Hossa.
7:32 of 3rd period - Shot Misses the Net.
7:51 of 3rd period - Shot by Braydon Coburn.
7:51 of 3rd period - Stopped by Jonathan Quick without a rebound.
7:52 of 3rd period - Jussi Jokinen wins face-off versus Antoine Vermette in Canucks zone.
7:58 of 3rd period - Icing by Scott Hannan.
7:59 of 3rd period - Antoine Vermette wins face-off versus Jussi Jokinen in Canucks zone.
7:59 of 3rd period - Rick Nash is hit by Eric Brewer and loses puck.
8:03 of 3rd period - Icing by Scott Hannan.
8:04 of 3rd period - Jussi Jokinen wins face-off versus Antoine Vermette in Canucks zone.
8:16 of 3rd period - Shot by Antoine Vermette.
8:16 of 3rd period - Shot Blocked by Scott Hannan.
8:18 of 3rd period - Shot by Antoine Vermette.
8:18 of 3rd period - Goal by Antoine Vermette - Sharks : 4 - Canucks : 4.
8:19 of 3rd period - Dave Bolland wins face-off versus Marian Hossa in neutral zone.
9:39 of 3rd period - Shot by Alex Tanguay.
9:39 of 3rd period - Shot Misses the Net.
9:41 of 3rd period - Shot by Steven Reinprecht.
9:41 of 3rd period - Shot Hit the Post.
9:45 of 3rd period - Shot by Alex Tanguay.
9:45 of 3rd period - Goal by Alex Tanguay - Sharks : 4 - Canucks : 5.
9:46 of 3rd period - Dave Bolland wins face-off versus T.J. Hensick in neutral zone.
10:05 of 3rd period - Minor Penalty to Travis Moen for Roughing.
10:06 of 3rd period - Antoine Vermette wins face-off versus Jussi Jokinen in Sharks zone.
10:12 of 3rd period - Icing by Marian Hossa.
10:13 of 3rd period - Jussi Jokinen wins face-off versus Antoine Vermette in Canucks zone.
10:52 of 3rd period - Shot by Eric Brewer.
10:52 of 3rd period - Shot Misses the Net.
10:54 of 3rd period - Shot by Eric Brewer.
10:54 of 3rd period - Shot Misses the Net.
10:58 of 3rd period - Shot by Alex Tanguay.
10:58 of 3rd period - Shot Misses the Net.
11:02 of 3rd period - Shot by Steven Reinprecht.
11:02 of 3rd period - Shot Misses the Net.
11:04 of 3rd period - Shot by Eric Brewer.
11:04 of 3rd period - Stopped by Kari Lehtonen without a rebound.
11:05 of 3rd period - Jussi Jokinen wins face-off versus Antoine Vermette in Sharks zone.
11:10 of 3rd period - Shot by Marian Hossa.
11:10 of 3rd period - Stopped by Kari Lehtonen without a rebound.
11:11 of 3rd period - Antoine Vermette wins face-off versus Steven Reinprecht in Sharks zone.
11:30 of 3rd period - Shot by Alex Tanguay.
11:30 of 3rd period - Shot Misses the Net.
11:32 of 3rd period - Shot by Scott Hannan.
11:32 of 3rd period - Shot Blocked by Dan Boyle.
11:36 of 3rd period - Shot by Alex Tanguay.
11:36 of 3rd period - Shot Misses the Net.
11:38 of 3rd period - Shot by Scott Hannan.
11:38 of 3rd period - Shot Misses the Net.
11:40 of 3rd period - Shot by Steven Reinprecht.
11:40 of 3rd period - Stopped by Kari Lehtonen without a rebound.
11:41 of 3rd period - Antoine Vermette wins face-off versus Jussi Jokinen in Sharks zone.
12:45 of 3rd period - Icing by Milan Jurcina.
12:46 of 3rd period - Joe Thornton wins face-off versus Blair Betts in Canucks zone.
13:29 of 3rd period - Shot by Marco Sturm.
13:29 of 3rd period - Shot Hit the Post.
13:38 of 3rd period - Minor Penalty to Marian Hossa for Interference.
13:39 of 3rd period - Jussi Jokinen wins face-off versus Antoine Vermette in Canucks zone.
15:18 of 3rd period - Off-side.
15:19 of 3rd period - Antoine Vermette wins face-off versus Chad Larose in neutral zone.
15:22 of 3rd period - Shot by James Wisniewski.
15:22 of 3rd period - Shot Misses the Net.
15:48 of 3rd period - Shot by Nik Antropov.
15:48 of 3rd period - Stopped by Jonathan Quick without a rebound.
15:49 of 3rd period - Steven Reinprecht wins face-off versus Dave Bolland in Canucks zone.
16:33 of 3rd period - Shot by Rick Nash.
16:33 of 3rd period - Stopped by Jonathan Quick with a rebound.
16:35 of 3rd period - Shot by Rick Nash.
16:35 of 3rd period - Deflect By Joe Thornton.
16:35 of 3rd period - Stopped by Jonathan Quick without a rebound.
16:36 of 3rd period - Jussi Jokinen wins face-off versus Devin Setoguchi in Canucks zone.
16:45 of 3rd period - Shot by Marian Hossa.
16:45 of 3rd period - Stopped by Kari Lehtonen without a rebound.
16:46 of 3rd period - Antoine Vermette wins face-off versus Steven Reinprecht in Sharks zone.
16:46 of 3rd period - Devin Setoguchi is hit by Alex Tanguay and loses puck.
16:47 of 3rd period - Minor Penalty to Andrew Ladd for Roughing.
16:48 of 3rd period - Jussi Jokinen wins face-off versus Johan Franzen in Canucks zone.
18:18 of 3rd period - Shot by Johan Franzen.
18:18 of 3rd period - Shot Misses the Net.
18:20 of 3rd period - Shot by Antoine Vermette.
18:20 of 3rd period - Shot Hit the Post.
18:22 of 3rd period - Shot by Antoine Vermette.
18:22 of 3rd period - Shot Misses the Net.
18:27 of 3rd period - Shot by Antoine Vermette.
18:27 of 3rd period - Shot Misses the Net.
18:29 of 3rd period - Shot by Francois Beauchemin.
18:29 of 3rd period - Shot Misses the Net.
18:31 of 3rd period - Shot by Francois Beauchemin.
18:31 of 3rd period - Shot Misses the Net.
18:35 of 3rd period - Shot by Johan Franzen.
18:35 of 3rd period - Shot Misses the Net.
18:37 of 3rd period - Shot by James Wisniewski.
18:37 of 3rd period - Goal by James Wisniewski - Sharks : 5 - Canucks : 5.
18:38 of 3rd period - Dave Bolland wins face-off versus Steven Reinprecht in neutral zone.
Overtime #1
0:01 of 1st overtime period - Antoine Vermette wins face-off versus Marian Hossa in neutral zone.
0:26 of 1st overtime period - Shot by Marian Hossa.
0:26 of 1st overtime period - Shot Misses the Net.
0:28 of 1st overtime period - Shot by Sheldon Souray.
0:28 of 1st overtime period - Shot Blocked by James Wisniewski.
0:30 of 1st overtime period - Shot by Marian Hossa.
0:30 of 1st overtime period - Shot Misses the Net.
0:34 of 1st overtime period - Shot by Marco Sturm.
0:34 of 1st overtime period - Stopped by Kari Lehtonen without a rebound.
0:35 of 1st overtime period - Jussi Jokinen wins face-off versus Dave Bolland in Sharks zone.
0:38 of 1st overtime period - Shot by Michael Frolik.
0:38 of 1st overtime period - Shot Blocked by Dan Boyle.
0:48 of 1st overtime period - Jussi Jokinen is hit by T.J. Oshie and loses puck.
0:53 of 1st overtime period - Shot by Dan Boyle.
0:53 of 1st overtime period - Shot Misses the Net.
1:00 of 1st overtime period - Icing by Michael Frolik.
1:01 of 1st overtime period - Antoine Vermette wins face-off versus Jussi Jokinen in Canucks zone.
1:26 of 1st overtime period - Shot by James Wisniewski.
1:26 of 1st overtime period - Stopped by Jonathan Quick without a rebound.
1:27 of 1st overtime period - Dave Bolland wins face-off versus Marian Hossa in Canucks zone.
1:37 of 1st overtime period - Icing by Sheldon Souray.
1:38 of 1st overtime period - Dave Bolland wins face-off versus Marian Hossa in Canucks zone.
1:51 of 1st overtime period - Icing by Francois Beauchemin.
1:52 of 1st overtime period - Dave Bolland wins face-off versus Marian Hossa in Sharks zone.
2:33 of 1st overtime period - Icing by Sami Salo.
2:34 of 1st overtime period - Antoine Vermette wins face-off versus Marian Hossa in Canucks zone.
3:18 of 1st overtime period - Shot by Jussi Jokinen.
3:18 of 1st overtime period - Stopped by Kari Lehtonen with a rebound.
3:20 of 1st overtime period - Shot by Eric Brewer.
3:20 of 1st overtime period - Stopped by Kari Lehtonen without a rebound.
3:21 of 1st overtime period - Dave Bolland wins face-off versus Jussi Jokinen in Sharks zone.
4:45 of 1st overtime period - Steven Reinprecht is hit by Joe Thornton and loses puck.
ShootOut
ShootOut - Penalty Shot by Rick Nash for Sharks.
ShootOut - Stopped by Jonathan Quick.
ShootOut - Penalty Shot by Marian Hossa for Canucks.
ShootOut - Stopped by Kari Lehtonen.
ShootOut - Penalty Shot by Johan Franzen for Sharks.
ShootOut - Stopped by Jonathan Quick.
ShootOut - Penalty Shot by Marco Sturm for Canucks.
ShootOut - Goal by Marco Sturm.
ShootOut - Penalty Shot by Antoine Vermette for Sharks.
ShootOut - Shot Misses the Net.
Output by the SimonT Hockey Simulator (STHS) for Mathias Vaigur -- Original Page W3C XHTML 1.0 Valid